Unix NetHack Version 5.0.0-0 post-release - last build Jun 10 2026 00:39:30 (3ee93aec679c4c4259841fe613dc97188e26a321,branch:main).

Game began 2026-06-13 01:03:31, ended 2026-06-13 01:34:46.

Drastanta, lawful male human Samurai

      #-# --------
   -h#-.#--...>..|
   |........---.)|
   |......--- --.|                       l                            .--
   --...---    |.|                                                   ...|
    |..---     |.|                                                  ..c.--
    |...<|     |.|                                  i  q            ...@.---
    --...|     |.|                                                 ........|
     ...*.     |.|                                                .........|
     .....     |.--                                               ...*...---
               |..|                                               ......--
               --.|                                               ...*r.|
                |.--       l                                      ......|
          n     |..|                                              ......--
                --.|                                              --....^--
                 |.---                      G                      ----...--
                 |...|  |   |                                         |....-
                 |.^..........                                        ----..|
                 ---.h. |                                                |..|
                    -.                                                   ---
                                        h
Drastanta the Ninja    St:18 Dx:16 Co:18 In:9 Wi:9 Ch:8  Lawful
Dlvl:8  $:57 HP:0(78) Pw:30(30) AC:1  Xp:7 T:3398  Blind Deaf

Latest messages:
 You hear crashing rock.
 You hear crashing rock.
 The Woodland-elf wields an elven broadsword!
 The elven broadsword welds itself to the Woodland-elf's hand!
 You hit the Woodland-elf!
 You hit the Woodland-elf!
 The Woodland-elf swings his elven broadsword.
 The Woodland-elf hits!
 You kill the Woodland-elf!
 o - a pair of combat boots.
 You hear crashing rock.
 You materialize in a different location!
 You see here a blue gem.
 You see here a violet gem.
 A board beneath you squeaks an E flat loudly.
 The leprechaun hits!
 Your purse feels lighter.
 The leprechaun vanishes!
 What do you want to put on? [jnC or ?*] ?
 You are now wearing a blindfold.
 You can't see any more.
 What do you want to adjust? [a-df-oq-tzCDGJKMOQ-SVYZ or ?*] n
 Adjust letter to what [enpu-yABEFHILNPTUWX] (? see used letters)? B
 Moving: B - an uncursed blindfold (being worn).
 You were wearing an uncursed blindfold.
 You can see again.
 You are momentarily blinded by a flash of light!
 You hear a deafening roar!
 A yeti suddenly appears next to you!
 A chickatrice suddenly appears next to you!
 You already found a monster.  Use 'm' prefix to force another search.
 You already found a monster.  Use 'm' prefix to force another search.
 You already found a monster.  Use 'm' prefix to force another search.
 You already found a monster.  Use 'm' prefix to force another search.
 You already found a monster.  Use 'm' prefix to force another search.
 You already found a monster.  Use 'm' prefix to force another search.
 You already found a monster.  Use 'm' prefix to force another search.
 You hit the yeti.
 You hit the yeti.
 The yeti misses!
 The yeti misses!
 The yeti bites!
 You kill the yeti!
 You hit the chickatrice.
 You turn to stone...
 Do you want your possessions identified? [ynq] (y) y
 Do you want to see your attributes? [ynq] (y) y
 Do you want an account of creatures vanquished? [ynaq] (y) y
 Do you want to see your conduct and achievements? [ynq] (y) y
 Do you want to see the dungeon overview? [ynq] (y) y

Inventory:
 Coins    ('$')
  $ - 57 gold pieces
 Weapons  (')')
  d - 29 +0 ya (in quiver)
  c - a +0 yumi (alternate weapon; not wielded)
  a - the rustproof +0 Snickersnee
 Armor    ('[')
  h - an uncursed +0 dwarvish iron helm (being worn)
  o - an uncursed +0 pair of elven boots
  M - a blessed +0 cloak of invisibility (being worn)
  i - an uncursed +0 dwarvish mithril-coat (being worn)
 Comestibles  ('%')
  V - an uncursed Can of White Monster
  R - an uncursed cream pie
  Z - an uncursed gunyoki
  K - an uncursed tin of dried newt meat
 Scrolls  ('?')
  J - an uncursed scroll of confuse monster
  S - an uncursed scroll of destroy armor
  G - a cursed scroll of destroy armor
  k - an uncursed scroll of genocide
  m - a cursed scroll of punishment
  g - an uncursed scroll of teleportation
 Potions  ('!')
  f - an uncursed potion of confusion
  z - an uncursed potion of gain energy
  O - a cursed potion of gain level
  D - 2 cursed potions of healing
  b - a cursed potion of paralysis
  Y - 2 potions of holy water
 Rings    ('=')
  C - an uncursed ring of invisibility
 Tools    ('(')
  r - an empty uncursed bag of holding
  Q - a bag of tricks (0:7)
  l - a bag of tricks (0:1)
  B - an uncursed blindfold
  s - an uncursed oil lamp (lit)
  t - an uncursed skeleton key
  q - an uncursed tin whistle
  j - an uncursed towel

Drastanta the Samurai's attributes:

Background:
 You were a Ninja, a level 7 male human Samurai.
 You were lawful, on a mission for Amaterasu Omikami
 who was opposed by Raijin (neutral) and Susanowo (chaotic).
 You were left-handed.
 You were in the Gnomish Mines, on level 8.
 You entered the dungeon 3398 turns ago.
 It was nighttime.
 You had 933 experience points, 347 more were needed to attain level 8.

Basics:
 You had 0 out of 78 hit points.
 You had all 30 energy points (spell power).
 Your armor class was 1.
 Your wallet contained 57 zorkmids.
 Autopickup was on for '$' plus thrown.

Final Characteristics:
 Your strength was 18 (limit:18/100).
 Your dexterity was 16 (limit:18).
 Your constitution was 18 (limit:18).
 Your intelligence was 9 (limit:18).
 Your wisdom was 9 (limit:18).
 Your charisma was 8 (limit:18).

Final Status:
 You were temporarily blind.
 You were deaf.
 You weren't hungry.
 You were unencumbered.
 You were bare handed.
 You had basic skill with martial arts.

Final Attributes:
 You were piously aligned.
 You were telepathic.
 You were invisible.
 You were guarded.
 You were fast.
 You are dead.

Miscellaneous:
 You encountered 1 bones level.
 Total elapsed playing time was 31 minutes and 15 seconds.

Major events:
 Turn
    1: Drastanta the lawful male human Samurai entered the dungeon
  792: attained the rank of Ronin (level 3)
  935: was bestowed with Snickersnee by Amaterasu Omikami
 1460: entered the Gnomish Mines
 1936: attained the rank of Ninja (level 6)
 2396: reached Mine Town
 3398: petrified by a chickatrice

You didn't know any spells.

Skills:
 Fighting Skills
   martial arts      [Basic]
   two weapon combat [Unskilled]
   riding            [Unskilled]
 Weapon Skills
   dagger            [Unskilled]
   knife             [Unskilled]
   short sword       [Basic]
   broadsword        [Unskilled]
   long sword        [Basic]
   two-handed sword  [Unskilled]
   saber             [Unskilled]
   flail             [Unskilled]
   quarterstaff      [Unskilled]
   polearms          [Unskilled]
   spear             [Unskilled]
   lance             [Unskilled]
   bow               [Basic]
   shuriken          [Unskilled]
 Spellcasting Skills
   attack spells     [Unskilled]
   divination spells [Unskilled]
   clerical spells   [Unskilled]

Voluntary challenges:
 Character rerolling was not enabled.
 You never genocided any monsters.
 You never polymorphed an object.
 You never changed form.
 You used no wishes.
Achievements:
 You entered a shop.
 You attained the rank of Ronin.
 You entered the Gnomish Mines.
 You attained the rank of Ninja.
 You entered Minetown.
 You entered a temple.

 The Dungeons of Doom: levels 1 to 3
    Level 1:
       Some fountains.
    Level 2:
       A tool shop, an altar to Amaterasu Omikami, a fountain.
    Level 3:
       An altar.
       Stairs down to The Gnomish Mines.
 The Gnomish Mines: levels 4 to 8
    Level 4:
    Level 5:
    Level 6:
       Many shops, a temple and an altar to Amaterasu Omikami, some fountains.
    Level 7:
    Level 8: <- You were here.
       Final resting place for
          you, petrified by a chickatrice,
          recuerdo-Cav-Gno-Fem-Neu, killed by a hobbit.


Vanquished creatures:
  a giant mimic
  a giant spider
  a gnome ruler
  a yeti
  a human zombie
  a Woodland-elf
  a shrieker
  5 gnome leaders
  3 gnomish wizards
 an elf zombie
  2 giant ants
  a little dog
  a floating eye
  2 dwarves
  a kobold shaman
  6 hill orcs
  a wererat
  2 iguanas
 an acid blob
  3 coyotes
  2 gas spores
  2 large kobolds
  a hobgoblin
  3 giant rats
  4 cave spiders
  a brown mold
  a green mold
 31 gnomes
  7 garter snakes
  a gnome zombie
  4 geckos
 11 jackals
  a fox
  a kobold
  a goblin
  7 grid bugs
  7 lichens
  4 newts
125 creatures vanquished.

No species were genocided or became extinct.

Game over:
                       ----------
                      /          \
                     /    REST    \
                    /      IN      \
                   /     PEACE      \
                  /                  \
                  |    Drastanta     |
                  |      57 Au       |
                  |  petrified by a  |
                  |   chickatrice    |
                  |                  |
                  |                  |
                  |       2026       |
                 *|     *  *  *      | *
        _________)/\\_//(\/(/\)/\//\/|_)_______

Sayonara Drastanta the Samurai...

You turned to stone in The Gnomish Mines on dungeon level 8 with 4144 points,
and 57 pieces of gold, after 3398 moves.
You were level 7 with a maximum of 78 hit points when you turned to stone.

